 Dungeon Crawl Stone Soup version 0.20.1-1-g8b1a95d (webtiles) character file.

4487 vishdafish the Cleaver (level 10, -4/65 HPs)
             Began as a Gargoyle Fighter on July 6, 2017.
             Was a Priest of Okawaru.
             Slain by a death yak (9 damage)
             ... on level 8 of the Dungeon.
             The game lasted 00:11:15 (6235 turns).

vishdafish the Cleaver (Gargoyle Fighter)           Turns: 6235, Time: 00:11:17

Health: -4/65      AC: 19    Str: 21    XL:     10   Next: 38%
Magic:  3/3        EV:  7    Int: 13    God:    Okawaru [***...]
Gold:   400        SH: 10    Dex: 11    Spells: 9/9 levels left

rFire    + . .     SeeInvis +   I - +5 demon whip "Spellbinder" {antimagic, MR+}
rCold    . . .     Gourm    .   c - +1 shield
rNeg     + . .     Faith    .   b - +0 scale mail
rPois    ∞         Spirit   .   J - +0 helmet of the Swan {rPois rF+ MR+}
rElec    +         Reflect  .   t - +0 cloak
rCorr    .         Harm     .   (no gloves)
MR       ++...                  u - +0 pair of boots
Stlth    ..........             s - amulet of regeneration
Regen    0.6/turn               E - +4 ring of intelligence
MPRegen  0.1/turn               K - ring of see invisible

@: no status effects
A: negative energy resistance 1, electricity resistance, unbreathing,
petrification resistance, rot immunity, AC +7
a: Heroism, Renounce Religion


You were on level 8 of the Dungeon.
You worshipped Okawaru.
Okawaru was most pleased with you.
You were not hungry.

You visited 2 branches of the dungeon, and saw 10 of its levels.

You collected 400 gold pieces.

Inventory:

Hand Weapons
 a - a +1 war axe
 I - the +5 demon whip "Spellbinder" (weapon) {antimagic, MR+}
   (You found it on level 6 of the Dungeon)

   It reduces the magical energy of the wielder, and disrupts the spells and
   magical abilities of those hit.
   Natural abilities and divine invocations are not affected.
   It affects your resistance to hostile enchantments.
Armour
 b - a +0 scale mail (worn)
 c - a +1 shield (worn)
 t - a +0 cloak (worn)
 u - a +0 pair of boots (worn)
 J - the +0 helmet of the Swan (worn) {rPois rF+ MR+}
   (You found it on level 7 of the Dungeon)

   It protects you from fire.
   It protects you from poison.
   It affects your resistance to hostile enchantments.
Jewellery
 s - an amulet of regeneration (around neck)
 E - a +4 ring of intelligence (left hand)
 K - a ring of see invisible (right hand)
Scrolls
 d - 3 scrolls of amnesia
 e - a scroll of enchant armour
 g - 2 scrolls of enchant weapon
 l - a scroll of random uselessness
 m - a scroll of remove curse
 o - a scroll of identify
 r - a scroll of blinking {unknown}
 v - 2 scrolls of teleportation {unknown}
 w - a scroll of recharging {unknown}
 D - a scroll of immolation {unknown}
 G - a scroll of fog {unknown}
Potions
 i - a potion of berserk rage {unknown}
 j - 4 potions of haste
 n - 4 potions of curing
 p - 2 potions of ambrosia
 z - a potion of magic {unknown}
 A - a potion of cancellation {unknown}
 B - 2 potions of flight
 C - a potion of brilliance
 F - 4 potions of heal wounds
Books
 q - a book of Power

   Spells                             Type                      Level
   a - Iskenderun's Battlesphere      Conjuration/Charms           5
   b - Venom Bolt                     Conjuration/Poison           5
   c - Bolt of Magma                  Conjuration/Fire/Earth       5
   d - Iron Shot                      Conjuration/Earth            6
   e - Orb of Destruction             Conjuration                  7
   f - Spellforged Servitor           Conjuration/Summoning        7
Comestibles
 f - 6 bread rations
 h - 5 fruits
 k - 3 meat rations


   Skills:
 + Level 8.9 Fighting
 * Level 9.8 Axes
 + Level 8.8 Armour
 - Level 3.2 Shields


You had 9 spell levels left.
You didn't know any spells.

Dungeon Overview and Level Annotations

Branches:
Dungeon (9/15)             Temple (1/1) D:5            Lair (0/6) D:8
    Orc: D:9-12

Altars:
Cheibriados
Dithmenos
Elyvilon
Fedhas
Gozag
Hepliaklqana
Kikubaaqudgha
Makhleb
Okawaru
Qazlal
Ru
Sif Muna
Trog
Uskayaw
Vehumet
Yredelemnul
Zin
The Shining One

Annotations:
D:8 Maurice


Innate Abilities, Weirdness & Mutations

You are resistant to torment.
Your stone body is resilient. (AC +7)
You are immune to poison.
You resist negative energy. (rN+)
You are resistant to electric shocks. (rElec)
You can survive without breathing.
You are immune to petrification.
You are immune to rotting.


Message History

Maurice blinks!
The quasit bites you but does no damage.
The quasit claws you but does no damage. x2
You block the death yak's attack.
A big kobold comes into view.
As you read the scroll labeled KIBUET ANEMN, it crumbles to dust.
You smell something weird.
It was a scroll of random uselessness.
You block the quasit's attack.
The quasit claws you but does no damage.
The quasit closely misses you. The death yak gores you!
The death yak gores you!!
* * * LOW HITPOINT WARNING * * *
As you read the scroll labeled UQASTRITUCZI, it crumbles to dust.
You feel blessed for a moment.
It was a scroll of remove curse.
You block the quasit's attack.
The quasit claws you but does no damage.
You block the quasit's attack.
The death yak gores you but does no damage.
The death yak gores you!
You die...

..######....#########......
#.....#### #####.. #.....#
#.. ##.....# ###..
#...[..##### #....
#...[....... ......#..
###...)†.##### ..?....###..
..#......5######.......##..
#....†.@YY@Y............#..
###......#######........#..
###....?.$# ........#..
#@..>...#.########.....##..
..#.....#....)..##†....##..
.
..##.....#######).†......#..
... .# #.....##
##...........
.....###......# ##..........
..........###..# ##.....#...


You could see 2 death yaks, Maurice, a sky beast and a quasit.

Vanquished Creatures
  A gargoyle (D:7)
  Sigmund (D:4)
  A spriggan (D:7)
  2 yaks
  A hungry ghost (D:8)
  Edmund (D:4)
  2 ice beasts (D:7)
  A necrophage (D:7)
  An orc warrior (D:7)
  3 phantoms (D:7)
  A black bear (D:7)
  5 ogres
  The ghost of Quirk the Skirmisher, an amateur DsFi of Okawaru (D:3)
  3 centaurs
  2 big kobolds
  2 bullfrogs (D:6)
  2 wyvern skeletons (D:6)
  4 scorpions
  8 killer bees (D:7)
  4 crimson imps
  A quasit (D:7)
  A jelly (D:5)
  3 hounds
  3 orc priests
  Crazy Yiuf (D:3)
  A bullfrog skeleton (D:7)
  7 orc wizards
  4 worker ants
  Terence (D:2)
  2 hound zombies
  A howler monkey zombie (D:6)
  A gnoll (D:1)
  7 adders
  An ooze (D:6)
  An adder skeleton (D:4)
  3 worms
  2 dart slugs (D:1)
  2 leopard geckos
  23 orcs
  4 giant cockroaches
  7 goblins
  9 hobgoblins
  6 jackals
  13 kobolds
  4 quokkas
  6 bats
  3 frilled lizards
  A leopard gecko skeleton (D:5)
  9 rats
  A spectral orc (D:7)
174 creatures vanquished.

Vanquished Creatures (others)
  A sky beast (D:6)
  An orc wizard (D:3)
2 creatures vanquished.

Grand Total: 176 creatures vanquished

Notes
Turn   | Place    | Note
-------+----------+-------------------------------------------
     0 | D:1      | vishdafish the Gargoyle Fighter began the quest for the Orb.
     0 | D:1      | Reached XP level 1. HP: 14/14 MP: 1/1
   131 | D:1      | Reached skill level 2 in Axes
   131 | D:1      | Reached XP level 2. HP: 7/19 MP: 2/2
   544 | D:1      | Reached XP level 3. HP: 17/24 MP: 3/3
  1354 | D:2      | Reached XP level 4. HP: 13/29 MP: 4/4
  1746 | D:3      | Noticed Quirk's ghost (amateur DsFi)
  1751 | D:3      | Noticed Terence
  1952 | D:2      | Killed Terence
  1952 | D:2      | Reached skill level 3 in Axes
  1959 | D:3      | Killed Quirk's ghost
  1959 | D:3      | Reached XP level 5. HP: 13/34 MP: 5/5
  2194 | D:3      | Found a blossoming altar of Fedhas.
  2224 | D:3      | Found a shadowy altar of Dithmenos.
  2305 | D:3      | Found a deep blue altar of Sif Muna.
  2336 | D:3      | Found a stormy altar of Qazlal.
  2396 | D:3      | Found a glowing golden altar of the Shining One.
  2509 | D:3      | Found a runed door.
  2557 | D:3      | Noticed Crazy Yiuf
  2562 | D:3      | Killed Crazy Yiuf
  2614 | D:4      | Reached XP level 6. HP: 33/39 MP: 6/6
  2615 | D:4      | Reached skill level 4 in Axes
  2682 | D:4      | Reached skill level 5 in Fighting
  2828 | D:4      | Found a sacrificial altar of Ru.
  2830 | D:4      | Noticed Sigmund
  2831 | D:4      | Reached skill level 5 in Armour
  2831 | D:4      | Reached XP level 7. HP: 44/44 MP: 7/7
  2840 | D:4      | Killed Sigmund
  2840 | D:4      | Reached skill level 5 in Axes
  2922 | D:4      | Noticed Edmund
  2944 | D:4      | Killed Edmund
  3061 | D:4      | Found an iron altar of Okawaru.
  3123 | D:4      | Became a worshipper of Warmaster Okawaru
  3180 | D:5      | Entered Level 5 of the Dungeon
  3310 | D:5      | Reached XP level 8. HP: 51/51 MP: 8/8
  3476 | D:5      | Found a white marble altar of Elyvilon.
  3479 | D:5      | Found a radiant altar of Vehumet.
  3482 | D:5      | Found a glowing golden altar of the Shining One.
  3589 | D:5      | Found a staircase to the Ecumenical Temple.
  3640 | Temple   | Entered the Ecumenical Temple
  3761 | D:5      | Reached skill level 6 in Axes
  4358 | D:6      | Reached * piety under Okawaru
  4454 | D:6      | Reached skill level 7 in Axes
  4468 | D:6      | Got a steaming leather armour
  4479 | D:6      | Identified the +1 leather armour of Ru's Scorn {rPois rC+} (You found it on level 6 of the Dungeon)
  4525 | D:6      | Reached XP level 9. HP: 38/57 MP: 9/9
  4733 | D:6      | Found a burning altar of Makhleb.
  4963 | D:6      | Found a glowing silver altar of Zin.
  4963 | D:6      | Found an ancient bone altar of Kikubaaqudgha.
  5074 | D:7      | Reached ** piety under Okawaru
  5150 | D:7      | Found a basalt altar of Yredelemnul.
  5194 | D:7      | Reached skill level 8 in Axes
  5197 | D:7      | Noticed a gargoyle
  5215 | D:7      | Killed a gargoyle
  5481 | D:7      | Reached skill level 9 in Axes
  5488 | D:7      | Reached *** piety under Okawaru
  5488 | D:7      | Reached XP level 10. HP: 64/64 MP: 3/10
  5780 | D:7      | Got a jewelled helmet
  5791 | D:7      | Identified the +0 helmet of the Swan {rPois rF+ MR+} (You found it on level 7 of the Dungeon)
  6041 | D:8      | Noticed a death yak
  6042 | D:8      | Found a staircase to the Lair.
  6204 | D:8      | Noticed a death yak
  6208 | D:8      | Noticed a death yak
  6210 | D:8      | Noticed Maurice
  6235 | D:8      | Slain by a death yak

Skill      XL: |  1  2  3  4  5  6  7  8  9 |
---------------+----------------------------+-----
Axes           | 2 3 4 5 7 9 |  9.8
Fighting       | 4 5 7 8 |  8.9
Armour         | 4 5 7 8 |  8.8
Shields        | |  3.2

Action                   |  1- 3 |  4- 6 |  7- 9 | 10-12 || total
-------------------------+-------+-------+-------+-------++-------
Melee: War axe           |   110 |    99 |   177 |       ||   386
       Demon whip        |       |       |   138 |   117 ||   255
Evoke: Wand              |       |       |     3 |       ||     3
  Use: Potion            |       |     1 |       |       ||     1
       Scroll            |       |       |     7 |     5 ||    12
  Eat: Chunk             |     1 |     1 |     5 |     1 ||     8
       Bread ration      |       |     1 |     1 |     1 ||     3
       Royal jelly       |       |       |       |     1 ||     1
Armor: Scale mail        |    70 |    69 |   185 |    91 ||   415
Dodge: Dodged            |    36 |    21 |   107 |    39 ||   203
Block: Shield            |    66 |    51 |   135 |    58 ||   310
